 Dungeon Crawl Stone Soup version 0.22.1-2-g9c5b331 (webtiles) character file.

3558 Kelyas the Destroyer (level 9, -3/69 HPs)
             Began as a White Draconian Wizard on Nov 13, 2018.
             Was a Believer of Sif Muna.
             Slain by a warg (8 damage)
             ... on level 9 of the Dungeon on Nov 14, 2018.
             The game lasted 00:32:42 (11953 turns).

Kelyas the Destroyer (White Draconian Wizard)      Turns: 11953, Time: 00:32:44

Health: -3/69      AC: 10    Str: 10    XL:     9   Next: 83%
Magic:  15/15      EV: 22    Int: 21    God:    Sif Muna [**....]
Gold:   227        SH:  2    Dex: 15    Spells: 8/16 levels left

rFire    x . .     SeeInvis .   l - +2 short sword (venom)
rCold    + + .     Gourm    .   (no shield)
rNeg     . . .     Faith    .   (armour unavailable)
rPois    .         Spirit   .   a - +0 hat
rElec    .         Reflect  +   p - +0 cloak
rCorr    .         Harm     .   F - +0 pair of gloves
MR       .....                  C - +0 pair of boots
Stlth    +++.......             n - +2 amulet of reflection
HPRegen  0.21/turn              i - +2 ring of evasion
MPRegen  0.14/turn              o - ring of ice

@: agile, lethally poisoned (-3 -> -14), very slightly contaminated, hasted,
invisible, very quick
A: breathe frost, unfitting armour, cold resistance 1, cold-blooded, AC +7
a: Breathe Frost, Divine Energy, Renounce Religion


You were on level 9 of the Dungeon.
You worshipped Sif Muna.
Sif Muna was pleased with you.
You were not hungry.

You visited 2 branches of the dungeon, and saw 10 of its levels.

You collected 524 gold pieces.
You spent 297 gold pieces at shops.

Inventory:

Hand Weapons
 e - a +2 dagger of venom
 l - a +2 short sword of venom (weapon)
 D - a +4 shortbow
 H - a +1 short sword of venom
 M - a cursed -3 dagger
Missiles
 f - 184 stones (quivered)
 K - 2 throwing nets
Armour
 a - a +0 hat (worn)
 p - a +0 cloak (worn)
 C - a +0 pair of boots (worn)
 F - a +0 pair of gloves (worn)
 G - a +0 buckler
Jewellery
 i - a +2 ring of evasion (left hand)
 n - a +2 amulet of reflection (around neck)
 o - a ring of ice (right hand)
 w - a +2 ring of dexterity {unknown}
 E - a cursed ring of teleportation
 N - an uncursed ring of see invisible {unknown}
Wands
 b - a wand of random effects (14)
 v - a wand of paralysis (16)
 y - a wand of acid (8)
 J - a wand of polymorph (14)
Scrolls
 d - a scroll of fog
 g - 2 scrolls of fear
 h - 4 scrolls of teleportation {unknown}
 m - 2 scrolls of magic mapping {unknown}
 q - 2 scrolls of blinking {unknown}
 r - 2 scrolls of remove curse {unknown}
 s - 5 scrolls of enchant weapon {unknown}
 u - a scroll of enchant armour {unknown}
 x - 3 scrolls of amnesia {unknown}
 A - a scroll of acquirement {unknown}
 L - a scroll of immolation {unknown}
Potions
 k - a potion of agility
 z - 2 potions of brilliance
 B - a potion of lignification
Comestibles
 c - 18 rations


   Skills:
 - Level 3.0 Fighting
 - Level 5.0 Dodging
 - Level 3.0 Stealth
 * Level 3.9 Shields
 - Level 4.0 Spellcasting
 + Level 8.5 Conjurations
 - Level 4.0 Summonings
 - Level 3.0 Translocations
 + Level 2.5 Air Magic
 + Level 2.4 Poison Magic
 - Level 4.1 Invocations


You had 8 spell levels left.
You knew the following spells:

 Your Spells              Type           Power        Failure   Level  Hunger
a - Magic Dart            Conj           ####         1%          1    None
b - Blink                 Tloc           N/A          5%          2    #......
c - Call Imp              Summ           ###.....     3%          2    #......
d - Mephitic Cloud        Conj/Pois/Air  ###.....     5%          3    ###....

Your spell library contained the following spells:

 Spells                   Type           Power        Failure   Level  Hunger
 Conjure Flame            Conj/Fire      ###.....     6%          3    ###....
 Slow                     Hex            #.......     19%         2    #......


Dungeon Overview and Level Annotations

Branches:
Dungeon (9/15)             Temple (1/1) D:5
   Lair: D:8-11         Orc: D:9-12

Altars:
Ashenzari
Cheibriados
Dithmenos
Elyvilon
Fedhas
Gozag
Hepliaklqana
Kikubaaqudgha
Makhleb
Nemelex Xobeh
Okawaru
Qazlal
Ru
Sif Muna
Trog
Uskayaw
Wu Jian
Xom
Yredelemnul
Zin
The Shining One

Shops:
D:4 !   D:5 ?   D:6 %:*!!   D:8 [(=}}


Innate Abilities, Weirdness & Mutations

You can breathe waves of freezing cold.
You can buffet flying creatures when you breathe cold.
Your icy white scales are hard. (AC +7)
You cannot fit into any form of body armour.
Your flesh is cold resistant. (rC+)
You are cold-blooded and may be slowed by cold attacks.


Message History

It was a potion of magic.
Magic courses through your body.
* * * LOW HITPOINT WARNING * * *
You feel sick.
You feel yourself speed up.
* * * LOW HITPOINT WARNING * * *
You feel sick.
* * * LOW HITPOINT WARNING * * *
You feel sick.
* * * LOW HITPOINT WARNING * * *
You feel sick.
There is a stone staircase leading down, spattered with blood here.
You see here a water moccasin corpse.
* * * LOW HITPOINT WARNING * * *
You feel sick.
You climb downwards.
Your summoned allies are left behind.
* * * LOW HITPOINT WARNING * * *
You feel sick. The worker ant closely misses you.
The hippogriff closely misses you. The hippogriff misses you.
The hippogriff completely misses you. The warg bites you!
You die...

........... .........$
#(......#
..........####.......#
#........#..........###
#........#........5...#
......<................
.......Ha...........#
.......@h...........#
..............<.....###.
....(..........h÷)......
#..........###÷#.###....
#.........####h#.# ..
........$.#....#.#
........Z.#....#..
..........#...!##.
#...## .#


You could see a hippogriff, a warg, a worker ant and a hound zombie (dormant).

Vanquished Creatures
  A hippogriff (D:9)
  Grum (D:8)
  A warg (D:9)
  A water moccasin (D:6)
  An orc warrior (D:5)
  A sky beast (D:6)
  2 ogres
  4 wolves (D:8)
  3 centaurs
  2 bullfrogs (D:7)
  4 scorpions
  3 killer bees (D:8)
  4 howler monkeys
  3 crimson imps
  2 jellies
  2 orc priests
  5 hounds
  8 orc wizards
  Jessica (D:3)
  3 iguanas
  2 worker ants
  A hound zombie (D:3)
  Robin (D:3)
  6 gnolls
  9 adders
  3 shadow imps
  An adder skeleton (D:5)
  7 worms
  2 dart slugs
  A leopard gecko (D:2)
  10 orcs
  4 bats
  5 giant cockroaches
  4 goblins (D:3)
  10 hobgoblins
  5 jackals
  A quokka (D:7)
  3 ball pythons
  3 frilled lizards (D:2)
  A jackal skeleton (D:5)
  7 kobolds
  A leopard gecko skeleton (D:4)
  6 rats
145 creatures vanquished.

Vanquished Creatures (collateral kills)
  A hippogriff (D:9)
  2 water moccasins (D:8)
  An ice beast (D:5)
  3 ogres
  A big kobold (D:7)
  2 killer bees (D:8)
  An orc wizard (D:5)
  An orc priest (D:6)
  2 adders (D:8)
  5 orcs
  4 kobolds (D:7)
23 creatures vanquished.

Grand Total: 168 creatures vanquished

Notes
Turn   | Place    | Note
-------+----------+-------------------------------------------
     0 | D:1      | Kelyas the Draconian Wizard began the quest for the Orb.
     0 | D:1      | Reached XP level 1. HP: 14/14 MP: 4/4
  1020 | D:2      | Reached XP level 2. HP: 20/20 MP: 6/6
  1178 | D:2      | Reached skill level 2 in Conjurations
  1276 | D:2      | Reached XP level 3. HP: 16/27 MP: 1/7
  1398 | D:2      | Learned a level 2 spell: Blink
  1401 | D:2      | Learned a level 2 spell: Call Imp
  1405 | D:2      | Learned a level 3 spell: Mephitic Cloud
  1484 | D:2      | Reached skill level 1 in Fighting
  2042 | D:2      | Reached XP level 4. HP: 9/35 MP: 3/8
  3002 | D:3      | Noticed Robin
  3019 | D:3      | Killed Robin
  3032 | D:3      | Got a scorched helmet
  3113 | D:3      | Reached skill level 1 in Air Magic
  3354 | D:3      | Reached skill level 3 in Conjurations
  3354 | D:3      | Reached skill level 1 in Poison Magic
  3465 | D:3      | Reached XP level 5. HP: 41/41 MP: 9/9
  3546 | D:3      | Noticed Jessica
  3557 | D:3      | Killed Jessica
  4020 | D:4      | Reached XP level 6. HP: 35/48 MP: 6/10
  4215 | D:4      | Reached skill level 4 in Conjurations
  4440 | D:4      | Found Oqit's Distillery.
  4467 | D:4      | Bought a potion of curing for 42 gold pieces
  4467 | D:4      | Bought a potion of heal wounds for 70 gold pieces
  4467 | D:4      | Bought a potion of curing for 42 gold pieces
  4467 | D:4      | Bought a potion of degeneration for 14 gold pieces
  4506 | D:4      | Found a snail-covered altar of Cheibriados.
  5039 | D:5      | Entered Level 5 of the Dungeon
  5906 | D:5      | Found Raiseoq's Magic Scroll Shoppe.
  5910 | D:5      | Bought a scroll of identify for 28 gold pieces
  6069 | D:5      | Your scales start taking on an icy white colour.
  6069 | D:5      | Reached XP level 7. HP: 50/56 MP: 8/11
  6069 | D:5      | Gained mutation: Your flesh is cold resistant. (rC+) [White
                  | Draconian growth]
  6114 | D:5      | Found a staircase to the Ecumenical Temple.
  6120 | Temple   | Entered the Ecumenical Temple
  6363 | Temple   | Became a worshipper of Sif Muna the Loreminder
  6630 | D:5      | Reached skill level 5 in Conjurations
  7271 | D:6      | Found Olafo's Assorted Antiques.
  7288 | D:6      | Bought a metallic sapphire potion for 31 gold pieces
  7288 | D:6      | Bought a scroll labeled YDGHYF NAJIN for 35 gold pieces
  7353 | D:6      | Bought a scroll labeled QIGARI YKISUN for 35 gold pieces
  7359 | D:6      | Found Sippouc's Book Shoppe.
  7475 | D:6      | Found Utul's Distillery.
  7594 | D:6      | Reached * piety under Sif Muna
  7660 | D:6      | Reached XP level 8. HP: 55/63 MP: 7/13
  8055 | D:6      | Found Ytedium's Food Boutique.
  8278 | D:6      | Found Jihuakhly's Distillery.
  8334 | D:6      | Reached skill level 1 in Invocations
  8338 | D:6      | Reached skill level 6 in Conjurations
  9959 | D:8      | Reached ** piety under Sif Muna
  9977 | D:8      | Found Inaxop's Gadget Emporium.
 10018 | D:8      | Reached skill level 7 in Conjurations
 10032 | D:8      | Reached XP level 9. HP: 66/69 MP: 6/15
 10059 | D:8      | Noticed Grum
 10069 | D:8      | Reached skill level 5 in Dodging
 10087 | D:8      | Reached skill level 8 in Conjurations
 10442 | D:8      | Found an ancient bone altar of Kikubaaqudgha.
 10442 | D:8      | Found a sacrificial altar of Ru.
 10491 | D:8      | Found Miroisko's Antique Weapon Shop.
 10523 | D:8      | Found Duus's Armour Emporium.
 10574 | D:8      | Reached skill level 1 in Shields
 10718 | D:8      | Found Ronet's Gadget Boutique.
 11111 | D:8      | Found Ereusuk's Jewellery Emporium.
 11500 | D:8      | Killed Grum
 11953 | D:9      | Slain by a warg

Skill      XL: |  1  2  3  4  5  6  7  8  9 |
---------------+----------------------------+-----
Dodging        | 2 3 4 5 |  5.0
Stealth        | 2 3 |  3.0
Conjurations   | 2 3 4 5 7 8 |  8.5
Fighting       | 1 2 3 |  3.0
Air Magic      | 1 2 |  2.5
Poison Magic   | 1 2 |  2.4
Spellcasting   | 4 |  4.0
Summonings     | 3 4 |  4.0
Translocations | 3 |  3.0
Invocations    | 2 4 |  4.1
Shields        | 3 |  3.9

Action                   |  1- 3 |  4- 6 |  7- 9 || total
-------------------------+-------+-------+-------++-------
Melee: Unarmed           |    32 |       |       ||    32
       Mace              |    13 |       |       ||    13
       Tailslap          |     4 |     8 |    21 ||    33
       Short sword       |    47 |   128 |   253 ||   428
 Cast: Magic Dart        |    42 |    58 |   108 ||   208
       Call Imp          |       |     4 |    58 ||    62
       Mephitic Cloud    |       |       |     2 ||     2
       Blink             |       |       |     1 ||     1
 Abil: Breathe Frost     |       |       |     1 ||     1
Evoke: Wand              |       |       |     3 ||     3
  Use: Potion            |       |     6 |    13 ||    19
       Scroll            |       |     4 |     5 ||     9
 Stab: Sleeping          |     1 |       |     3 ||     4
       Distracted        |       |     1 |     2 ||     3
       Paralysed         |       |       |     5 ||     5
       Confused          |       |       |     1 ||     1
  Eat: Chunk             |     3 |     9 |    12 ||    24
       Ration            |       |     1 |     3 ||     4
Armor: Skin              |    38 |    40 |   133 ||   211
Dodge: Dodged            |    73 |   114 |   269 ||   456
Block: Other             |       |     6 |    29 ||    35
       Reflection        |       |       |     2 ||     2
